 Dungeon Crawl Stone Soup version 0.28-a0-1567-g1695149f81 (webtiles) character file.

Game seed: 15418431147508642587

228 comborobin the Cutter (level 6, -2/43 HPs)
             Began as an Octopode Cinder Acolyte on Jan 20, 2022.
             Was a High Priest of Ignis.
             Killed by nerve-wracking pain
             ... invoked by Grinder
              (4 damage)
             ... on level 4 of the Dungeon.
             The game lasted 00:01:30 (978 turns).

comborobin the Cutter (Octopode Cinder Acolyte)      Turns: 978, Time: 00:01:31

Health: -2/43      AC:  1    Str: 18    XL:     6   Next: 2%
Magic:  7/7        EV: 13    Int: 18    God:    Ignis [*****.]
Gold:   85         SH:  0    Dex:  9    Spells: 7/7 levels left

rFire   + . .      SeeInvis .   f - +8 dagger of the Omega Point {vorpal, Drain rC++ Str+4 Int+2}
rCold   + + .      Faith    .   (no shield)
rNeg    . . .      Spirit   .   (helmet restricted)
rPois   .          Reflect  .   (no amulet)
rElec   .          Harm     .   (no ring)
rCorr   .          Rampage  .   (no ring)
Will    .....                   (no ring)
Stlth   ++........              (no ring)
HPRegen 0.14/turn               (no ring)
MPRegen 0.10/turn               (no ring)
                                (no ring)
                                (no ring)

@: on berserk cooldown, slowed, very slow
A: almost no armour, amphibious, 8 rings, camouflage 1, gelatinous body 1,
(nimble swimmer 1), tentacles
a: Renounce Religion, Fiery Armour, Foxfire Swarm, Rising Flame


You were on level 4 of the Dungeon.
You worshipped Ignis.
Ignis was extremely pleased with you.
You visited 1 branch of the dungeon, and saw 4 of its levels.

You collected 85 gold pieces.

Inventory:

Hand Weapons
 f - the +8 dagger of the Omega Point (weapon) {vorpal, Drain rC++ Str+4 Int+2}
   (You found it on level 3 of the Dungeon)

   It inflicts extra damage upon your enemies.
   Str:       It affects your strength (+4).
   Int:       It affects your intelligence (+2).
   rC:        It greatly protects you from cold.
   Drain:     It drains your maximum health when unequipped.
Missiles
 e - 6 poisoned darts (quivered)
Scrolls
 a - a scroll of teleportation {unknown}
 b - a scroll of summoning {unknown}
 c - a scroll of identify {unknown}
 h - a scroll of vulnerability {unknown}
 i - a scroll of amnesia {unknown}
Potions
 d - a potion of berserk rage
 g - a potion of mutation {unknown}


   Skills:
 - Level 3.9 Fighting
 + Level 4.0 Short Blades
 - Level 2.3 Dodging
 - Level 3.1 Unarmed Combat
 - Level 1.0 Spellcasting
 - Level 3.0 Fire Magic


You had 7 spell levels left.
You didn't know any spells.
Your spell library contained the following spells:

 Spells                   Type           Power      Damage    Failure   Level
 Scorch                   Fire           22%        2d6       9%          2


Dungeon Overview and Level Annotations

Branches:
Dungeon (4/15)
 Temple: D:4-7

Altars:

Annotations:
D:3 2 transporters
D:4 Grinder


Innate Abilities, Weirdness & Mutations

You cannot wear most types of armour.
You are amphibious.
You can wear up to eight rings at the same time.
Your skin changes colour to match your surroundings (Stealth+).
Your rubbery body absorbs attacks. (AC +1, EV +1)
((You are camouflaged when in or above water. (Stealth+)))
You have tentacles for arms and can constrict up to eight enemies at once.


Message History

Grinder hits you.
You hit Grinder. You grab Grinder.
Grinder is moderately wounded.
You constrict Grinder. Grinder gestures at you. Pain shoots through your body!
Okay, then.
It was a potion of berserk rage.
A red film seems to cover your vision as you go berserk!
You feel yourself moving faster!
You feel mighty!
You constrict Grinder.
Grinder blinks free!
You feel a strong urge to attack something.
The adder hisses angrily.
You hear a bark! x2
You hear a bark!
You miss the adder. You grab the adder.
Your tentacle-slap misses the adder.
You squeeze the adder.
The adder is moderately wounded.
You constrict the adder. The adder closely misses you.
You puncture the adder!
You kill the adder!
Your Short Blades skill increases to level 4!
You have reached level 6!
Grinder gestures at you.
You suddenly lose the ability to move!
Grinder gestures at you.
You barely resist.
Grinder blinks!
Grinder says, "Just stop there for a second..."
You are no longer berserk.
You feel yourself slow down. Grinder hits you but does no damage.
Grinder hits you!
* * * LOW HITPOINT WARNING * * *
You writhe in agony.
* * * LOW HITPOINT WARNING * * *
You can move again.
You puncture Grinder! Your grab misses Grinder.
Grinder is severely wounded.
Grinder gestures at you. Pain shoots through your body!
You die...

#.#
######.#
#...##.#
#.#....#
#...####
##.##
#.# #.#
#@# #5#
#†# ..#
####


You could see Grinder.

Vanquished Creatures
  Sigmund (D:3)
  A hound skeleton (D:4)
  An adder (D:4)
  An ufetubus (D:3)
  An adder skeleton (D:3)
  2 worms (D:3)
  A dart slug (D:3)
  An orc (D:3)
  2 ball pythons
  5 endoplasms (D:3)
  A giant cockroach (D:3)
  2 goblins (D:3)
  2 hobgoblins
  A quokka (D:3)
  2 bats (D:3)
  2 frilled lizards (D:3)
  4 kobolds
  4 rats (D:3)
34 creatures vanquished.

Vanquished Creatures (others)
  23 foxfires (D:3)
  A plant (D:4)
24 creatures vanquished.

Grand Total: 58 creatures vanquished

Notes
Turn   | Place    | Note
-------+----------+-------------------------------------------
     0 | D:1      | comborobin the Octopode Cinder Acolyte began the quest for
                  | the Orb.
     0 | D:1      | Reached XP level 1. HP: 16/16 MP: 2/2
   222 | D:3      | Reached XP level 2. HP: 11/21 MP: 3/3
   381 | D:3      | Noticed Sigmund
   391 | D:3      | Identified the +8 dagger of the Omega Point {vorpal, Drain
                  | rC++ Str+4 Int+2}
   411 | D:3      | Killed Sigmund
   412 | D:3      | Reached skill level 3 in Short Blades
   412 | D:3      | Reached XP level 3. HP: 27/27 MP: 4/4
   412 | D:3      | Reached XP level 4. HP: 33/33 MP: 5/5
   412 | D:3      | Reached XP level 5. HP: 37/37 MP: 6/6
   441 | D:3      | Found a transporter.
   799 | D:3      | Found a transporter.
   960 | D:4      | Noticed Grinder
   971 | D:4      | Reached skill level 4 in Short Blades
   971 | D:4      | Reached XP level 6. HP: 24/43 MP: 7/7
   971 | D:4      | Paralysed by Grinder for 6 turns
   977 | D:4      | HP: 2/43 [Grinder (6)]
   978 | D:4      | Killed from afar by Grinder

Illustrated notes

Levels and vault maps discovered:
D:1:      lightli_arrival_quake, layout_basic, serial_shops,
          nicolae_shop_advertising_works [nicolae_subvault_shop_adworks],
          ebering_ecumenical_altar_box
D:2:      layout_rooms, uniq_crazy_yiuf_cottage
D:3:      gammafunk_wand_slinger, layout_rooms, minmay_ruptured, uniq_sigmund
D:4:      layout_loops_ring, fedhas_ov_isle_minmay, uniq_grinder

Skill      XL: |  1  2  3  4  5 |
---------------+----------------+-----
Short Blades   | 3 4 |  4.0
Dodging        | 2 |  2.3
Fighting       | |  3.9
Unarmed Combat | |  3.1
Spellcasting   | |  1.0
Fire Magic     | |  3.0

Action                   |  1- 3 |  4- 6 || total
-------------------------+-------+-------++-------
Melee: Unarmed           |    13 |       ||    13
       Constrict         |     4 |    13 ||    17
       Dagger            |       |    42 ||    42
       Tentacles         |       |    10 ||    10
Invok: Foxfire Swarm     |     1 |       ||     1
  Use: Potion            |       |     1 ||     1
 Stab: Sleeping          |     1 |     4 ||     5
Armor: Skin              |       |     2 ||     2
Dodge: Dodged            |    12 |    16 ||    28

Table legend: (Time is in decaauts)
 A = Elapsed time spent in this place.
 B = Non-inter-level travel time spent in this place.
 C = Inter-level travel time spent in this place.
 D = Time resting spent in this place.
 E = Time spent auto-exploring this place.
 F = Levels seen in this place.
 G = Mean time per level.
                   A        B        C        D        E       F      G
               +--------+--------+--------+--------+--------+-----+--------+
         Total |    967 |    921 |     46 |    286 |    393 |   4 |  241.8 |
       Dungeon |    967 |    921 |     46 |    286 |    393 |   4 |  241.8 |
               +--------+--------+--------+--------+--------+-----+--------+

Top non-repeatable levels by time:
     D:3: 696 daAuts
     D:2: 152 daAuts
     D:4: 67 daAuts
     D:1: 51 daAuts
